 Dungeon Crawl Stone Soup version 0.23.0 (webtiles) character file.

Game seed: 12725634783438436650

13814 Cykl0x the Cleaver (level 11, -4/91 HPs)
             Began as a Minotaur Fighter on Feb 12, 2019.
             Was a Priest of Makhleb.
             Slain by a skeletal warrior
             ... wielding a +0 vampiric glaive
             ... led by a death knight
              (15 damage)
             ... on level 12 of the Dungeon.
             The game lasted 00:30:54 (9833 turns).

Cykl0x the Cleaver (Minotaur Fighter)               Turns: 9833, Time: 00:30:54

Health: -4/91      AC: 32    Str: 29    XL:     11   Next: 80%
Magic:  14/14      EV: 14    Int:  7    God:    Makhleb [***...]
Gold:   233        SH: 16    Dex: 11    Spells: 10/10 levels left

rFire    + . .     SeeInvis .   I - +3 war axe (chop)
rCold    . . .     Gourm    .   c - +4 shield
rNeg     . . .     Faith    .   K - +12 plate armour of the Beginning {rF+ rCorr Str+6 Stlth+}
rPois    +         Spirit   .   G - +2 hat
rElec    .         Reflect  .   A - +1 cloak
rCorr    +         Harm     .   (no gloves)
MR       .....                  w - +0 pair of boots
Stlth    ..........             (no amulet)
HPRegen  0.25/turn              J - +4 ring of evasion
MPRegen  0.14/turn              F - ring of poison resistance

@: vulnerable, slowed, very slow
A: retaliatory headbutt, horns 2, clever 1, shaggy fur 1, wild magic 1,
evolution 1
a: Minor Destruction, Lesser Servant of Makhleb, Renounce Religion


You were on level 12 of the Dungeon.
You worshipped Makhleb.
Makhleb was most pleased with you.
You were hungry.

You visited 2 branches of the dungeon, and saw 13 of its levels.
You also visited: Sewer.

You collected 495 gold pieces.
You spent 262 gold pieces at shops.

Inventory:

Hand Weapons
 I - a +3 war axe of chopping (weapon)
 N - a +3 war axe of freezing
Missiles
 n - 219 stones
 o - 8 javelins (quivered)
 P - 7 tomahawks
Armour
 c - a +4 shield (worn)
 w - a +0 pair of boots (worn)
 A - a +1 cloak (worn)
 G - a +2 hat (worn)
 K - the +12 plate armour of the Beginning (worn) {rF+ rCorr Str+6 Stlth+}
   (You found it on level 11 of the Dungeon)

   It affects your strength (+6).
   It protects you from fire.
   It provides partial protection from all sources of acid and corrosion.
   It makes you more stealthy.
Jewellery
 g - a +2 ring of strength
 l - a +3 ring of intelligence
 F - a ring of poison resistance (right hand)
 J - a +4 ring of evasion (left hand)
 M - a cursed -4 ring of intelligence
 O - an uncursed ring of ice
Wands
 u - a wand of flame (20)
 y - a wand of polymorph (18)
 B - a wand of scattershot (8)
 H - a wand of iceblast (17)
 Q - a wand of clouds (4)
Scrolls
 i - 3 scrolls of magic mapping
 r - 8 scrolls of remove curse
 x - 2 scrolls of summoning
 E - 7 scrolls of teleportation
 L - 2 scrolls of immolation
 R - 2 scrolls of blinking
 S - 2 scrolls of identify
 T - a scroll of torment {unknown}
 U - a scroll of amnesia
Potions
 d - 4 potions of might
 e - 4 potions of flight
 j - 5 potions of curing
 k - 4 potions of heal wounds
 m - 2 potions of lignification
 p - 4 potions of mutation
 q - 4 potions of agility
 s - a potion of brilliance {unknown}
 v - 2 potions of magic {unknown}
 z - 2 potions of haste {unknown}
 C - a potion of berserk rage {unknown}
Comestibles
 a - 7 chunks of flesh
 f - 22 rations


   Skills:
 + Level 6.7 Fighting
 * Level 13.9 Axes
 + Level 1.1 Throwing
 + Level 8.0 Armour
 * Level 7.4 Dodging
 + Level 0.3 Stealth
 + Level 9.9 Shields
 * Level 5.4 Invocations
 * Level 4.8 Evocations


You had 10 spell levels left.
You didn't know any spells.
Your spell library contained the following spells:

 Spells                   Type           Power        Failure   Level  Hunger
 Animate Skeleton         Necr           N/A          100%        1    ##.....
 Apportation              Tloc           #.....       100%        1    ##.....
 Confusing Touch          Hex            #.....       100%        1    ##.....
 Summon Small Mammal      Summ           #...         100%        1    ##.....


Dungeon Overview and Level Annotations

Branches:
Dungeon (12/15)            Temple (1/1) D:6            Lair (0/6) D:8
    Orc (0/2) D:10

Altars:
Ashenzari
Cheibriados
Dithmenos
Elyvilon
Fedhas
Gozag
Hepliaklqana
Kikubaaqudgha
Makhleb
Nemelex Xobeh
Okawaru
Qazlal
Ru
Sif Muna
Trog
Uskayaw
Vehumet
Wu Jian
Xom
Yredelemnul
Zin
The Shining One

Shops:
D:5 ((:(!   D:7 *


Innate Abilities, Weirdness & Mutations

You reflexively headbutt those who attack you in melee.
You have a pair of horns on your head.
Your mind is acute. (Int +2)
You are covered in fur. (AC +1)
Your spells are a little harder to cast, but a little more powerful.
You evolve.


Message History

You block the phantasmal warrior's attack.
The skeletal warrior hits you from afar with a +0 vampiric glaive.
Unknown command.
You closely miss the death knight.
The death knight is heavily wounded.
You slice the phantasmal warrior!!
The death knight hits you with a +4 great mace!
* * * LOW HITPOINT WARNING * * *
The phantasmal warrior barely misses you.
You hit the death knight. Your headbutt misses the death knight.
The death knight is heavily wounded.
You hit the phantasmal warrior.
You block the skeletal warrior's attack.
You block the phantasmal warrior's attack.
The death knight barely misses you. You furiously retaliate!
You headbutt the death knight, but do no damage.
The phantasmal warrior hits you!
* * * LOW HITPOINT WARNING * * *
The skeletal warrior hits you from afar with a +0 vampiric glaive!
You die...

####......
###z........
#...p.......
#†#.........
#.#.........
#.#.........
#z#...[..###
#p#......#
#@#......#
#W########
#.# #.# #.#
#.# #.# #÷#
#÷#


You could see a death knight, a skeletal warrior and a phantasmal warrior.

Vanquished Creatures
  Kirke (D:12)
  Fannar (D:10)
  A hydra (D:11)
  3 death yaks (D:8)
  A two-headed ogre (D:10)
  Pikel (D:4)
  Maurice (D:10)
  A gargoyle (D:10)
  Psyche (D:10)
  A komodo dragon (D:12)
  A queen bee (D:8)
  A troll (D:12)
  Prince Ribbit (D:6)
  A hippogriff (D:8)
  A wyvern (D:10)
  9 yaks
  Grum (D:10)
  A hog (D:12)
  Menkaure (D:6)
  A water moccasin (D:10)
  Duvessa (D:7)
  An ice beast (D:7)
  3 sky beasts
  An orc warrior (D:8)
  An eye of draining (D:9)
  3 ogres
  3 phantoms
  2 wolves (D:10)
  4 centaurs
  Blork the orc (D:4)
  2 big kobolds (Sewer)
  2 bullfrogs
  Dowan (D:7)
  2 scorpions
  15 killer bees
  2 howler monkeys (D:6)
  2 vampire bats (D:4)
  A crimson imp (D:10)
  3 orc priests
  4 bullfrog skeletons
  2 centaur skeletons
  2 hounds
  2 jellies
  11 orc wizards
  Ijyb (D:3)
  2 iguanas
  7 worker ants
  A killer bee zombie (D:6)
  A hound skeleton (D:4)
  A hound zombie (D:5)
  A worker ant zombie (D:6)
  A gnoll (D:1)
  2 howler monkey skeletons
  7 river rats
  17 adders
  2 oozes
  An adder zombie (D:8)
  3 worms (D:3)
  2 dart slugs
  6 leopard geckos
  41 orcs
  8 ball pythons
  7 giant cockroaches
  12 goblins
  10 hobgoblins
  28 jackals
  24 kobolds
  7 quokkas
  10 bats
  4 frilled lizards
  2 leopard gecko zombies (D:6)
  24 rats
333 creatures vanquished.

Vanquished Creatures (others)
  2 humans (D:12)
  Edmund (D:4)
  A slave (D:4)
4 creatures vanquished.

Grand Total: 337 creatures vanquished

Notes
Turn   | Place    | Note
-------+----------+-------------------------------------------
     0 | D:1      | Cykl0x the Minotaur Fighter began the quest for the Orb.
     0 | D:1      | Reached XP level 1. HP: 19/19 MP: 0/0
   116 | D:1      | Reached XP level 2. HP: 22/27 MP: 1/1
   186 | D:1      | Reached XP level 3. HP: 24/33 MP: 2/2
   506 | D:1      | Reached skill level 3 in Axes
   949 | D:2      | Reached skill level 1 in Dodging
   949 | D:2      | Reached XP level 4. HP: 36/40 MP: 3/3
  1523 | D:3      | Found a glowing drain.
  1532 | Sewer    | Entered a sewer
  1582 | Sewer    | Reached skill level 4 in Axes
  1659 | Sewer    | Noticed a big kobold
  1669 | Sewer    | Killed a big kobold
  1669 | Sewer    | Reached XP level 5. HP: 32/46 MP: 4/4
  1713 | Sewer    | Reached skill level 5 in Axes
  1966 | Sewer    | Reached skill level 5 in Armour
  1966 | Sewer    | Reached XP level 6. HP: 36/52 MP: 5/5
  2075 | Sewer    | Gained mutation: You are covered in fur. (AC +1) [potion of
                  | mutation]
  2075 | Sewer    | Gained mutation: Your spells are a little harder to cast,
                  | but a little more powerful. [potion of mutation]
  2075 | Sewer    | Gained mutation: You evolve. [potion of mutation]
  2521 | D:3      | Noticed Ijyb
  2533 | D:3      | Killed Ijyb
  2533 | D:3      | Reached skill level 6 in Axes
  2768 | D:4      | Reached XP level 7. HP: 59/59 MP: 6/6
  2856 | D:4      | Noticed Pikel
  2875 | D:4      | Noticed Edmund
  2879 | D:4      | Reached skill level 7 in Axes
  2879 | D:4      | Reached skill level 5 in Shields
  2898 | D:4      | Killed Pikel
  2898 | D:4      | Reached skill level 8 in Axes
  2898 | D:4      | Reached XP level 8. HP: 30/67 MP: 7/7
  2910 | D:4      | Killed Edmund
  2959 | D:4      | Noticed Blork the orc
  2968 | D:4      | Killed Blork the orc
  3074 | D:4      | Found an opulent altar of Gozag.
  3764 | D:5      | Entered Level 5 of the Dungeon
  3797 | D:5      | Reached skill level 9 in Axes
  3947 | D:5      | Found Neucich's Weapon Shop.
  3995 | D:5      | Found Kiopos's Weapon Shoppe.
  4092 | D:5      | Found Usanut's Weapon Shoppe.
  4244 | D:5      | Found an iron altar of Okawaru.
  4315 | D:5      | Found Asuyz's Book Emporium.
  4615 | D:5      | Found Wikoariw's Distillery.
  4618 | D:5      | Bought 2 potions of degeneration for 22 gold pieces
  4684 | D:5      | Found a basalt altar of Yredelemnul.
  4934 | D:6      | Noticed Prince Ribbit
  4940 | D:6      | Killed Prince Ribbit
  4942 | D:6      | Noticed Menkaure
  4943 | D:6      | Reached XP level 9. HP: 68/73 MP: 8/8
  4952 | D:6      | Reached skill level 10 in Axes
  4956 | D:6      | Killed Menkaure
  4956 | D:6      | Reached skill level 5 in Fighting
  5390 | D:6      | Found a staircase to the Ecumenical Temple.
  5405 | Temple   | Entered the Ecumenical Temple
  5546 | Temple   | Became a worshipper of Makhleb the Destroyer
  5859 | D:7      | Reached skill level 1 in Evocations
  5865 | D:7      | Found an ancient bone altar of Kikubaaqudgha.
  5885 | D:7      | Found a shimmering altar of Xom.
  5889 | D:7      | Found a shimmering altar of Xom.
  5890 | D:7      | Found a shimmering altar of Xom.
  5890 | D:7      | Found a shimmering altar of Xom.
  5934 | D:7      | Noticed Duvessa
  5934 | D:7      | Noticed Dowan
  5939 | D:7      | Killed Duvessa
  5947 | D:7      | Killed Dowan
  5947 | D:7      | Reached skill level 5 in Dodging
  6014 | D:7      | Reached skill level 1 in Invocations
  6105 | D:7      | Found a sparkling altar of Nemelex Xobeh.
  6115 | D:7      | Gained mutation: Your mind is acute. (Int +2) [evolution]
  6349 | D:7      | Found Oddel's General Store.
  6358 | D:7      | Bought an uncursed ring of poison resistance for 240 gold
                  | pieces
  6386 | D:7      | Reached skill level 11 in Axes
  6734 | D:8      | Noticed a queen bee
  6748 | D:8      | Killed a queen bee
  6816 | D:8      | Reached * piety under Makhleb
  6816 | D:8      | Reached XP level 10. HP: 71/81 MP: 10/10
  6964 | D:8      | Reached skill level 1 in Throwing
  7274 | D:8      | Noticed a death yak
  7291 | D:8      | Noticed a death yak
  7295 | D:8      | Killed a death yak
  7297 | D:8      | Noticed a death yak
  7307 | D:8      | Killed a death yak
  7311 | D:8      | Killed a death yak
  7311 | D:8      | Reached skill level 12 in Axes
  7325 | D:8      | Found a staircase to the Lair.
  7552 | D:9      | Found a sparkling altar of Nemelex Xobeh.
  7703 | D:9      | Found a shattered altar of Ashenzari.
  7828 | D:9      | Found a stormy altar of Qazlal.
  7828 | D:9      | Found a deep blue altar of Sif Muna.
  8003 | D:9      | Reached ** piety under Makhleb
  8179 | D:10     | Entered Level 10 of the Dungeon
  8302 | D:10     | Noticed Fannar
  8302 | D:10     | Noticed Psyche
  8305 | D:10     | Killed Psyche
  8305 | D:10     | Reached XP level 11. HP: 89/89 MP: 13/13
  8320 | D:10     | Killed Fannar
  8322 | D:10     | Found a staircase to the Orcish Mines.
  8455 | D:10     | Noticed Grum
  8469 | D:10     | Killed Grum
  8469 | D:10     | Reached skill level 13 in Axes
  8508 | D:10     | Noticed a two-headed ogre
  8520 | D:10     | Killed a two-headed ogre
  8684 | D:10     | Noticed Maurice
  8694 | D:10     | Killed Maurice
  8930 | D:11     | Noticed a five-headed hydra
  8936 | D:11     | Killed a five-headed hydra
  8936 | D:11     | Reached skill level 5 in Invocations
  9047 | D:11     | Got an ichor-stained plate armour
  9058 | D:11     | Identified the +12 plate armour of the Beginning {rF+ rCorr
                  | Str+6 Stlth+} (You found it on level 11 of the Dungeon)
  9275 | D:11     | Reached *** piety under Makhleb
  9717 | D:12     | Found a shimmering altar of Xom.
  9767 | D:12     | Noticed Kirke
  9784 | D:12     | Killed Kirke
  9805 | D:12     | Noticed a skeletal warrior
  9805 | D:12     | Noticed a phantasmal warrior
  9806 | D:12     | Noticed a death knight
  9833 | D:12     | Slain by a skeletal warrior

Skill      XL: |  1  2  3  4  5  6  7  8  9 10 11 |
---------------+----------------------------------+-----
Armour         | 4 5 6 7 8 |  8.0
Shields        | 4 5 6 7 9 |  9.9
Axes           | 3 4 5 6 8 9 11 12 13 | 13.9
Dodging        | 1 2 3 4 5 6 7 |  7.4
Fighting       | 4 5 6 |  6.7
Evocations     | 2 3 4 |  4.8
Invocations    | 2 4 5 |  5.4
Throwing       | 1 |  1.1
Stealth        | |  0.3

Action                   |  1- 3 |  4- 6 |  7- 9 | 10-12 || total
-------------------------+-------+-------+-------+-------++-------
Melee: War axe           |    91 |   159 |   385 |   279 ||   914
       Headbutt          |    16 |    27 |    70 |    55 ||   168
Throw: Javelin           |       |     4 |    16 |     5 ||    25
Evoke: Wand              |       |       |       |     6 ||     6
  Use: Scroll            |     7 |    10 |     3 |     4 ||    24
       Potion            |       |     2 |     2 |     4 ||     8
  Eat: Chunk             |       |     6 |    14 |     9 ||    29
Armor: Scale mail        |    49 |    75 |    30 |    29 ||   183
       Chain mail        |       |       |   110 |    13 ||   123
       Plate armour      |       |       |       |    12 ||    12
Dodge: Dodged            |    23 |    57 |   100 |    96 ||   276
Block: Shield            |    60 |   107 |   315 |   215 ||   697
